 Dungeon Crawl Stone Soup version 0.22.1-1-ga44c0e56f4 (webtiles) character file.

131 Kaderl the Skirmisher (level 5, 0/43 HPs)
             Began as a Merfolk Fighter on Oct 3, 2018.
             Slain by a jackal (1 damage)
             ... on level 3 of the Dungeon.
             The game lasted 00:04:10 (1820 turns).

Kaderl the Skirmisher (Merfolk Fighter)             Turns: 1820, Time: 00:04:10

Health: 0/43       AC:  9    Str: 21    XL:     5   Next: 14%
Magic:  5/5        EV:  6    Int:  8    God:
Gold:   97         SH:  9    Dex: 14    Spells: 4/4 levels left

rFire    . . .     SeeInvis .   a - +0 long sword
rCold    . . .     Gourm    .   c - +0 shield
rNeg     . . .     Faith    .   d - +1 chain mail
rPois    .         Spirit   .   (no helmet)
rElec    .         Reflect  .   (no cloak)
rCorr    .         Harm     .   (no gloves)
MR       .....                  (no boots)
Stlth    ..........             (no amulet)
HPRegen  0.14/turn              (no ring)
MPRegen  0.09/turn              (no ring)

@: mighty
A: change form in water, swift swim, stealthy swim
a: no special abilities


You were on level 3 of the Dungeon.
You were not hungry.

You visited 1 branch of the dungeon, and saw 3 of its levels.

You collected 97 gold pieces.

Inventory:

Hand Weapons
 a - a +0 long sword (weapon)
Armour
 c - a +0 shield (worn)
 d - a +1 chain mail (worn)
Jewellery
 g - an uncursed ring of resist corrosion {unknown}
Wands
 j - a wand of disintegration (8)
 m - a wand of iceblast (12)
Scrolls
 e - 2 scrolls of remove curse
 n - 2 scrolls of amnesia {unknown}
Potions
 h - a potion of agility {unknown}
 k - a potion of might
Comestibles
 f - 4 rations


   Skills:
 + Level 4.3 Fighting
 + Level 3.5 Long Blades
 + Level 2.6 Armour
 + Level 1.2 Dodging
 + Level 0.2 Stealth
 + Level 3.6 Shields


You had 4 spell levels left.
You didn't know any spells.
Your spell library was empty.

Dungeon Overview and Level Annotations

Branches:
Dungeon (3/15)

Altars:
Cheibriados
Dithmenos


Message History

Your shield and chain mail prevent you from hitting the orc priest.
The jackal bites you but does no damage.
The orc hits you but does no damage. You block the jackal's attack.
The orc priest calls down the wrath of Beogh upon you.
Beogh smites you!
* * * LOW HITPOINT WARNING * * *
Your shield and chain mail prevent you from hitting the orc priest.
The jackal bites you but does no damage.
You block the orc's attack. The orc priest barely misses you.
The jackal bites you but does no damage.
You feel very mighty all of a sudden. The orc hits you but does no damage.
You block the jackal's attack. The orc priest hits you with a flail.
* * * LOW HITPOINT WARNING * * *
You slash the orc priest!
The orc priest is heavily wounded.
The jackal bites you but does no damage.
You block the orc's attack. You block the orc priest's attack.
The jackal bites you.
You die...

##########
#........#
#........#
#........# #####
####.......g####...#
...+......Koo..'...+
.........o.l####oh%#
##.........# #@o.#
#......o..# #####
##....o....#
#..$..######
......o.......
..............
..............
..............
#######
#....o........
#.....#


You could see an orc priest, an orc and a jackal.

Vanquished Creatures
  4 adders (D:2)
  2 oozes
  A worm (D:2)
  2 dart slugs (D:2)
  3 leopard geckos
  4 orcs (D:3)
  6 giant cockroaches
  8 goblins
  4 hobgoblins
  10 jackals
  A quokka (D:2)
  8 bats
  3 frilled lizards
  8 kobolds
  4 rats
68 creatures vanquished.

Notes
Turn   | Place    | Note
-------+----------+-------------------------------------------
     0 | D:1      | Kaderl the Merfolk Fighter began the quest for the Orb.
     0 | D:1      | Reached XP level 1. HP: 18/18 MP: 1/1
   104 | D:1      | Reached XP level 2. HP: 17/24 MP: 2/2
   375 | D:1      | Found a snail-covered altar of Cheibriados.
   389 | D:1      | Reached skill level 4 in Fighting
   389 | D:1      | Reached XP level 3. HP: 22/30 MP: 3/3
   580 | D:1      | You fall through a shaft!
   692 | D:2      | Reached XP level 4. HP: 18/37 MP: 4/4
   703 | D:2      | Reached skill level 1 in Dodging
  1222 | D:2      | Found a shadowy altar of Dithmenos.
  1764 | D:3      | Reached XP level 5. HP: 41/42 MP: 5/5
  1819 | D:3      | HP: 1/43 [orc priest/flail (4)]
  1820 | D:3      | Slain by a jackal

Skill      XL: |  1  2  3  4 |
---------------+-------------+-----
Fighting       | 4 |  4.3
Long Blades    | 3 |  3.5
Dodging        | 1 |  1.2
Armour         | |  2.6
Stealth        | |  0.2
Shields        | |  3.6

Action                   |  1- 3 |  4- 6 || total
-------------------------+-------+-------++-------
Melee: Long sword        |   120 |   111 ||   231
  Use: Scroll            |       |     4 ||     4
       Potion            |       |     2 ||     2
  Eat: Ration            |       |     1 ||     1
Armor: Scale mail        |    76 |    32 ||   108
       Chain mail        |       |   124 ||   124
Dodge: Dodged            |    55 |    51 ||   106
Block: Shield            |    58 |   123 ||   181
       Rpst.: Long sword |    17 |    18 ||    35
